 Dungeon Crawl Stone Soup version 0.31.0-11-ge490571c62 (webtiles) character file.

Game seed: 8968714938184921336

180630 LoggersVIII the Unseen (level 17, -2/90 HPs)
             Began as an Octopode Earth Elementalist on Feb 9, 2024.
             Was the Champion of Jiyva.
             Constricted to death by a shambling mangrove (17 damage)
             ... on level 4 of the Swamp.
             The game lasted 02:07:15 (31880 turns).

LoggersVIII the Unseen (OpEE)                      Turns: 31880, Time: 02:07:17

Health: -2/90      AC:  8    Str:  8    XL:     17   Next: 58%
Magic:  41/41      EV: 28    Int: 29    God:    Jiyva [******]
Gold:   542        SH:  9    Dex: 20    Spells: 14/38 levels left

rFire   + . .        T - +9 dagger (elec)
rCold   + + .        (no shield)
rNeg    + . .        c - -2 hat of the Alchemist {rElec rPois rF+ rC+ rN+ Will+ rMut rCorr}
rPois   +            x - amulet of reflection
rElec   +            e - +6 ring of intelligence
rCorr   +            o - +5 ring of evasion
SInv    .            f - ring of flight
Will    ++...        y - ring of magical power
Stlth   +++++++++    z - +6 ring of dexterity
HPRegen 1.95/turn    V - ring of wizardry
MPRegen 1.07/turn    M - +5 ring of evasion
                     S - ring of resist corrosion

%: reflection, resist mutation, wizardry (x1)
@: about to teleport, grasped by roots, flying, constricted
A: almost no armour, amphibious, 8 rings, camouflage 1, gelatinous body 1,
(nimble swimmer 1), tentacles, tentacle spike 2, iridescent scales 3, large bone
plates 1, poison resistance, shaggy fur 3, wild magic 2
}: 2/15 runes: serpentine, slimy
a: Renounce Religion, Oozemancy, Slimify


You were on level 4 of the Swamp.
You worshipped Jiyva.
Jiyva was exalted by your worship.
You visited 8 branches of the dungeon, and saw 34 of its levels.
You also visited: Gauntlet.

You collected 2303 gold pieces.
You spent 1761 gold pieces at shops.

Inventory:

Hand Weapons
 L - the +2 short sword of World Downfall {freeze, Dex+2}
   (You found it on level 3 of the Lair of Beasts)

   Dex+2:     It affects your dexterity (+2).
 T - a +9 dagger of electrocution (weapon)
Missiles
 w - 2 throwing nets
Armour
 c - the -2 hat of the Alchemist (worn) {rElec rPois rF+ rC+ rN+ Will+ rMut rCorr}
   (You acquired it on level 2 of the Lair of Beasts)

   rF+:       It protects you from fire.
   rC+:       It protects you from cold.
   rElec:     It insulates you from electricity.
   rPois:     It protects you from poison rN+: It protects you from negative
   energy.
   Will+:     It increases your willpower.
   rCorr:     It protects you from acid and corrosion.
   rMut:      It protects you from mutation.
Jewellery
 d - a ring of see invisible
 e - a +6 ring of intelligence (left tentacle)
 f - a ring of flight (on tentacle)
 g - an amulet of regeneration
 o - a +5 ring of evasion (right tentacle)
 p - an amulet of the acrobat
 u - a +6 ring of strength
 x - an amulet of reflection (around mantle)
 y - a ring of magical power (on tentacle)
 z - a +6 ring of dexterity (on tentacle)
 M - a +5 ring of evasion (on tentacle)
 P - a ring of protection from fire
 S - a ring of resist corrosion (on tentacle)
 U - a ring of positive energy
 V - a ring of wizardry (on tentacle)
Wands
 j - a wand of mindburst (9)
 r - a wand of roots (9)
 t - a wand of light (16)
 B - a wand of digging (6)
 J - a wand of paralysis (9)
 O - a wand of flame (54)
Scrolls
 a - a scroll of amnesia
 m - 3 scrolls of blinking
 n - 3 scrolls of teleportation
 v - 2 scrolls of revelation
 D - a scroll of brand weapon
 E - 3 scrolls of poison
 H - 3 scrolls of enchant armour
 K - 4 scrolls of immolation
 N - 3 scrolls of vulnerability
 Q - 7 scrolls of identify
Potions
 b - 5 potions of degeneration
 h - 5 potions of attraction
 i - 3 potions of berserk rage
 k - 6 potions of enlightenment
 l - 2 potions of mutation
 q - 2 potions of cancellation
 s - 2 potions of brilliance
 A - 3 potions of haste
 C - a potion of resistance
 F - 3 potions of magic
 G - a potion of ambrosia
 I - 4 potions of lignification
 R - 2 potions of might {unknown}
 W - a potion of heal wounds
 X - a potion of curing


   Skills:
 + Level 6.6 Short Blades
 - Level 11.2 Dodging
 - Level 19.6 Stealth
 + Level 11.2 Spellcasting
 * Level 12.6 Conjurations
 * Level 16.7 Earth Magic
 - Level 10.2 Alchemy


You had 14 spell levels left.
You knew the following spells:

 Your Spells              Type           Power      Damage    Failure   Level
a - Sandblast             Erth           100%       2d20      1%          1
b - Stone Arrow           Conj/Erth      100%       3d13      1%          3
c - Petrify               Alch/Erth      100%       N/A       1%          4
d - Passwall              Erth           100%       N/A       1%          3
e - Lee's Rapid Deconstr  Erth           55%        3d26*     1%          5
f - Lehudib's Crystal Sp  Conj/Erth      52%        10d12     32%         8

Your spell library contained the following spells:

 Spells                   Type           Power      Damage    Failure   Level
 Foxfire                  Conj/Fire      100%       2x1d9     1%          1
 Magic Dart               Conj           100%       1d8       1%          1
 Sting                    Conj/Alch      100%       1d9       1%          1
 Mercury Vapours          Alch/Air       100%       N/A       1%          2
 Searing Ray              Conj           100%       2d8       1%          2
 Dazzling Flash           Conj/Hex       100%       N/A       1%          3
 Mephitic Cloud           Conj/Alch/Air  77%        N/A       1%          3
 Brom's Barrelling Bould  Conj/Erth      100%       2d11      1%          4
 Fulminant Prism          Conj/Alch      46%        3d20      1%          4
 Leda's Liquefaction      Alch/Erth      50%        N/A       1%          4
 Olgreb's Toxic Radiance  Alch           88%        N/A       1%          4
 Irradiate                Conj/Alch      46%        3d27      1%          5
 Bombard                  Conj/Erth      52%        9d9       1%          6
 Freeze                   Ice            100%       1d10      3%          1
 Iskenderun's Mystic Bla  Conj/Tloc      71%        2d14      3%          4
 Borgnjor's Vile Clutch   Necr/Erth      40%        N/A       3%          5
 Lesser Beckoning         Tloc           50%        N/A       4%          2
 Frozen Ramparts          Ice            50%        1d8       9%          3
 Animate Dead             Necr           25%        N/A       22%         4
 Manifold Assault         Tloc           25%        N/A       22%         4
 Passage of Golubria      Tloc           25%        N/A       22%         4
 Curse of Agony           Necr           25%        N/A       47%         5
 Silence                  Hex/Air        12%        N/A       47%         5
 Haunt                    Necr/Summ      12%        N/A       100%        7
 Ozocubu's Refrigeration  Ice            12%        4d10      100%        7
 Discord                  Hex            12%        N/A       100%        8


Dungeon Overview and Level Annotations

Branches:
Dungeon (12/15)            Temple (1/1) D:6            Lair (5/5) D:10
  Swamp (4/4) Lair:3        Snake (4/4) Lair:2        Slime (5/5) Lair:5
    Orc (2/2) D:12            Elf (1/3) Orc:2       Gauntlet (visited)

Altars:
Ashenzari
Cheibriados
Dithmenos
Elyvilon
Fedhas
Gozag
Hepliaklqana
Kikubaaqudgha
Makhleb
Nemelex Xobeh
Okawaru
Qazlal
Ru
Sif Muna
Trog
Uskayaw
Vehumet
Wu Jian
Xom
Yredelemnul
Zin
The Shining One
Jiyva

Shops:
D:5 :   Orc:1 (   Orc:2 :?(?   Elf:1 [   Snake:2 *[=   Snake:3 *   Snake:4 [:(

Portals:
Desolation: Elf:1

Annotations:
Lair:4 exclusion: 3 oklob plants
Swamp:4 Lernaean hydra
Slime:5 Royal Jelly


Innate Abilities, Weirdness & Mutations

You cannot wear most types of armour.
You are amphibious.
You can wear up to eight rings at the same time.
Your skin changes colour to match your surroundings (Stealth+).
Your rubbery body absorbs attacks. (AC +1, EV +1)
((You are camouflaged when in or above water. (Stealth+)))
You have tentacles for arms and can constrict up to eight enemies at once.
One of your tentacles bears a nasty spike.
You are completely covered in iridescent scales. (AC +6)
You are partially covered in large bone plates. (SH +4)
Your system is resistant to poisons. (rPois)
Your thick and shaggy fur keeps you warm. (AC +3, rC+)
Your spells are harder to cast, but more powerful.


Message History

The seven-headed hydra bites you! x2
The seven-headed hydra completely misses you.
The seven-headed hydra misses you.
You hear a slurping noise.
You hear a distant slurping noise.
The seven-headed hydra completely misses you.
You block the seven-headed hydra's attack.
The seven-headed hydra completely misses you.
The seven-headed hydra bites you! x2
* * * LOW HITPOINT WARNING * * *
The seven-headed hydra misses you.
The seven-headed hydra completely misses you.
You hear a distant slurping noise.
Okay, then.
The spriggan druid calls out to the beasts of the wild!
The seven-headed hydra attacks as it pursues you!
The seven-headed hydra bites you!
* * * LOW HITPOINT WARNING * * *
You block the seven-headed hydra's attack.
The seven-headed hydra completely misses you.
The seven-headed hydra bites you but does no damage.
The seven-headed hydra misses you.
The seven-headed hydra closely misses you.
The seven-headed hydra bites you but does no damage.
The seven-headed hydra stops moving altogether!
You hear a distant slurping noise.
You feel better.
The spriggan druid mumbles some strange words.
The forest starts to sway and rumble!
Roots burst forth from the earth!
The grasping roots grab you! The grasping roots constrict you!
* * * LOW HITPOINT WARNING * * *
Unknown command.
Okay, then.
As you read the scroll of teleportation, it crumbles to dust.
You feel strangely unstable.
Trunks creak and shift.
The death drake completely misses you.
You hear a distant slurping noise.
You hear a squelching noise.
The grasping roots constrict you!
You die...

,,,*♣~~~~~~~....~..~♣,~~~..~,~*
,,##♣~~~~~~~~~§...~♣*♣~~~.♣****
###§~♣.~~§~~~~~.J♣***.i~.~♣
....~♣♣...~~~~~..♣♣♣♣.~~.♣*
J~.♣♣♣♣♣♣.~~~~~~.♣♣~f~~.♣*
.~.♣♣ *♣...~~~~~~~.~~~.♣ .†♣~♣
♣~~~.~~~~§~.~~~~.♣ ~.~♣♣
♣~~~~~~~~~kD♣..♣♣♣ ...♣
♣~~~~~.~~@.♣♣♣♣♣ ♣..♣
♣♣♣.♣♣♣♣~♣♣♣ ♣♣♣♣ ♣♣♣ ♣♣♣


You could see a shambling mangrove, a death drake, a seven-headed hydra
(petrified), a spriggan druid and a neutral jelly (wandering) (fellow slime).

Vanquished Creatures
  Frances (Swamp:1)
  Gastronok (Lair:2)
  5 nagarajas
  5 eleionomae
  Azrael (Snake:2)
  A minotaur (Gauntlet)
  2 bunyips (Swamp:3)
  The ghost of Pooter the Grappler, a journeyman TrBe of Trog (Orc:2)
  A shambling mangrove (Swamp:2)
  Erolcha (Orc:2)
  6 hydras
  2 salamander tyrants (Snake:4)
  6 alligators (Swamp:2)
  3 catoblepae (Lair:5)
  A ghost crab (Swamp:4)
  5 anacondas
  2 boulder beetles (Lair:1)
  Erica (D:8)
  A two-headed ogre (Orc:1)
  10 naga warriors
  A tengu warrior (Gauntlet)
  2 dancing weapons (Elf:1)
  An orc high priest (Orc:2)
  6 shock serpents
  9 death yaks
  Nergalle (Orc:2)
  9 naga sharpshooters
  A demonic crawler (Lair:3)
  A spriggan (Swamp:3)
  2 salamander mystics (Snake:4)
  Lodul (D:11)
  2 skysharks (Lair:5)
  6 mana vipers
  A goliath frog (Swamp:1)
  2 spriggan druids (Swamp:3)
  7 naga ritualists
  A swamp dragon (Swamp:3)
  4 bog bodies
  6 deep elf pyromancers (Elf:1)
  3 phantasmal warriors
  A deep elf zephyrmancer (Elf:1)
  2 will-o-the-wisps (Swamp:2)
  2 ugly things
  7 orc sorcerers
  9 salamanders
  A cyclops (Orc:2)
  4 manticores
  44 black mambas
  11 elephants
  12 naga magi
  4 guardian serpents
  2 kobold blastminers (Orc:2)
  A torpor snail (Lair:1)
  13 cane toads
  Jeremiah (D:8)
  2 unseen horrors
  4 rime drakes
  9 komodo dragons
  Maggie (D:6)
  An ice devil (Gauntlet)
  A tengu conjurer (Gauntlet)
  3 polar bears
  5 trolls
  8 tyrant leeches
  5 hornets
  6 dream sheep (Lair:5)
  20 blink frogs
  A shadow (D:10)
  3 slime creatures (Slime:1)
  4 wraiths
  Eustachio (D:4)
  55 yaks
  A basilisk (Lair:5)
  A water elemental (Elf:1)
  4 wyverns
  3 fire elementals
  2 unseen horror simulacra (D:9)
  A golden eye (Lair:4)
  2 steam dragons
  12 vampire mosquitoes
  10 swamp worms
  Menkaure (D:6)
  41 nagas
  5 hell hounds (Snake:2)
  9 water moccasins
  A swamp drake (Swamp:3)
  5 ice beasts
  A black bear (D:10)
  10 orc warriors
  A sky beast (D:7)
  22 ogres
  14 wolves
  12 centaurs
  A phantom (D:5)
  3 kobold brigands
  13 bullfrogs
  3 scorpions
  3 gnoll sergeants
  11 wights
  10 killer bees
  3 electric eels (D:9)
  2 howler monkeys (D:8)
  A wyvern simulacrum (D:9)
  5 hounds
  4 jellies
  7 orc priests
  3 sleepcaps
  25 orc wizards
  3 iguanas
  2 centaur simulacra (D:9)
  9 adders
  16 gnolls
  3 shadow imps
  14 white imps
  3 ufetubi
  3 dart slugs
  A ribbon worm (D:2)
  38 orcs
  5 ball pythons
  5 endoplasms
  5 giant cockroaches
  8 goblins
  6 hobgoblins
  4 jackals (D:1)
  3 quokkas
  8 bats
  5 frilled lizards
  22 kobolds
  7 rats
787 creatures vanquished.

Vanquished Creatures (collateral kills)
  A salamander tyrant (Snake:2)
  2 naga sharpshooters (Snake:3)
  A naga mage (Snake:4)
  A guardian serpent (Snake:4)
  A tyrant leech (Swamp:2)
6 creatures vanquished.

Vanquished Creatures (others)
  A salamander tyrant (Snake:4)
  An ogre mage (Orc:2)
  A naga sharpshooter (Snake:4)
  An orc sorcerer (Orc:2)
  An orc warrior (Orc:2)
  A necrophage (Swamp:4)
  93 jellies
  5 orc wizards (Orc:2)
  5 orcs
109 creatures vanquished.

Grand Total: 902 creatures vanquished

Notes
Turn   | Place    | Note
-------+----------+-------------------------------------------
     0 | D:1      | LoggersVIII the Octopode Earth Elementalist began the quest
                  | for the Orb.
     0 | D:1      | Reached XP level 1. HP: 11/11 MP: 3/3
   195 | D:1      | Reached skill level 3 in Stealth
   197 | D:1      | Reached XP level 2. HP: 7/17 MP: 0/5
   329 | D:1      | Found a faded altar of an unknown god.
   613 | D:1      | Reached XP level 3. HP: 21/21 MP: 6/6
  1054 | D:2      | Reached XP level 4. HP: 27/27 MP: 2/7
  1058 | D:2      | Learned a level 3 spell: Stone Arrow
  1127 | D:2      | Reached skill level 4 in Stealth
  1412 | D:2      | Gained mutation: Your natural rate of healing is unusually
                  | fast. [potion of mutation]
  1412 | D:2      | Gained mutation: You are weak. (Str -2) [potion of
                  | mutation]
  1412 | D:2      | Gained mutation: Your body sometimes deteriorates upon
                  | taking damage. [potion of mutation]
  1611 | D:3      | Found a hide-covered altar of Uskayaw.
  1622 | D:3      | Lost mutation: Your body sometimes deteriorates upon taking
                  | damage. [potion of mutation]
  1622 | D:3      | Lost mutation: You are weak. (Str -2) [potion of mutation]
  1622 | D:3      | Gained mutation: One of your tentacles bears a spike.
                  | [potion of mutation]
  1622 | D:3      | Gained mutation: Your spells are a little easier to cast,
                  | but a little less powerful. [potion of mutation]
  1622 | D:3      | Gained mutation: You occasionally lose the ability to drink
                  | potions when taking damage. [potion of mutation]
  1622 | D:3      | Gained mutation: You expend magic power (3 MP) to
                  | strengthen your wands. [potion of mutation]
  1659 | D:3      | Lost mutation: Your natural rate of healing is unusually
                  | fast. [potion of mutation]
  1659 | D:3      | Lost mutation: Your spells are a little easier to cast, but
                  | a little less powerful. [potion of mutation]
  1659 | D:3      | Gained mutation: You do not regenerate when monsters are
                  | visible. [potion of mutation]
  1659 | D:3      | Gained mutation: Your system is resistant to poisons.
                  | (rPois) [potion of mutation]
  2190 | D:3      | Reached XP level 5. HP: 29/31 MP: 6/8
  2554 | D:4      | Found a glowing silver altar of Zin.
  2555 | D:4      | Found a sacrificial altar of Ru.
  2556 | D:4      | Found a sparkling altar of Nemelex Xobeh.
  2559 | D:4      | Lost mutation: You do not regenerate when monsters are
                  | visible. [potion of mutation]
  2559 | D:4      | Lost mutation: You expend magic power (3 MP) to strengthen
                  | your wands. [potion of mutation]
  2559 | D:4      | Lost mutation: You occasionally lose the ability to drink
                  | potions when taking damage. [potion of mutation]
  2559 | D:4      | Gained mutation: Your spells are a little harder to cast,
                  | but a little more powerful. [potion of mutation]
  2559 | D:4      | Gained mutation: One of your tentacles bears a nasty spike.
                  | [potion of mutation]
  2559 | D:4      | Gained mutation: You possess an exceptional clarity of
                  | mind. [potion of mutation]
  2616 | D:4      | Reached skill level 5 in Stealth
  2618 | D:4      | Reached XP level 6. HP: 32/36 MP: 5/10
  2813 | D:4      | Noticed Eustachio
  2850 | D:4      | Killed Eustachio
  3201 | D:5      | Entered Level 5 of the Dungeon
  3206 | D:5      | Reached XP level 7. HP: 41/41 MP: 11/11
  3210 | D:5      | Reached skill level 6 in Stealth
  3215 | D:5      | Found a snail-covered altar of Cheibriados.
  3233 | D:5      | Found a bloodstained altar of Trog.
  3340 | D:5      | Found an ornate altar of the Wu Jian Council.
  3382 | D:5      | Found Tuyll's Self-Improvement Boutique.
  3405 | D:5      | Reached skill level 5 in Earth Magic
  3578 | D:5      | Found a stormy altar of Qazlal.
  3578 | D:5      | Found a shimmering altar of Xom.
  3698 | D:5      | Reached skill level 7 in Stealth
  3934 | D:5      | Reached XP level 8. HP: 46/46 MP: 13/13
  4326 | D:6      | Noticed Maggie
  4344 | D:6      | Killed Maggie
  4345 | D:6      | Reached skill level 1 in Alchemy
  4466 | D:6      | Reached skill level 8 in Stealth
  4785 | D:6      | Learned a level 4 spell: Petrify
  4872 | D:6      | Noticed Menkaure
  4912 | D:6      | Killed Menkaure
  4913 | D:6      | Reached XP level 9. HP: 51/51 MP: 1/15
  5102 | D:6      | Found a staircase to the Ecumenical Temple.
  5262 | Temple   | Entered the Ecumenical Temple
  5448 | D:7      | Reached skill level 9 in Stealth
  6014 | D:7      | Noticed a hornet
  6014 | D:7      | Noticed a purple ugly thing
  6046 | D:7      | Killed a hornet
  6047 | D:7      | Reached skill level 5 in Dodging
  6241 | D:7      | Killed a green ugly thing
  6242 | D:7      | Reached skill level 10 in Stealth
  6451 | D:7      | Reached XP level 10. HP: 56/56 MP: 10/17
  6682 | D:8      | Found an iron altar of Okawaru.
  6873 | D:8      | Noticed Erica
  7078 | D:8      | Reached skill level 5 in Spellcasting
  7249 | D:8      | Killed Erica
  7250 | D:8      | Reached skill level 11 in Stealth
  7250 | D:8      | Reached skill level 5 in Conjurations
  7626 | D:8      | Noticed Jeremiah
  7633 | D:8      | Killed Jeremiah
  8650 | D:9      | Found a white marble altar of Elyvilon.
  8851 | D:9      | Reached skill level 12 in Stealth
  8912 | D:9      | Reached skill level 5 in Alchemy
  9040 | D:9      | Reached XP level 11. HP: 61/61 MP: 16/19
  9696 | D:10     | Entered Level 10 of the Dungeon
 10378 | D:10     | Found a staircase to the Lair.
 10386 | Lair:1   | Entered Level 1 of the Lair of Beasts
 10386 | Lair:1   | Noticed a boulder beetle
 10386 | Lair:1   | Noticed a boulder beetle
 10395 | Lair:1   | Killed a boulder beetle
 10396 | Lair:1   | Reached skill level 13 in Stealth
 10405 | Lair:1   | Killed a boulder beetle
 11048 | D:10     | Reached skill level 10 in Earth Magic
 11366 | D:11     | Noticed a purple ugly thing
 11379 | D:11     | Killed a purple ugly thing
 11561 | D:11     | Noticed Lodul
 11574 | D:11     | Killed Lodul
 11575 | D:11     | Reached XP level 12. HP: 66/66 MP: 11/21
 11700 | D:11     | Reached skill level 14 in Stealth
 11928 | D:11     | Found a shimmering blue altar of Sif Muna.
 11936 | D:11     | Learned a level 1 spell: Magic Dart
 11944 | D:11     | Learned a level 3 spell: Passwall
 11948 | D:11     | Got Sif Muna's Volume of Pyromancy
 11950 | D:11     | Got Sif Muna's Codex of Oxidation
 11952 | D:11     | Got Sif Muna's Cyclopedia of the Iceberg
 11964 | D:11     | Learned a level 5 spell: Lee's Rapid Deconstruction
 13154 | D:12     | Found a staircase to the Orcish Mines.
 14399 | Lair:2   | Found a staircase to the Snake Pit.
 14404 | Lair:2   | Noticed Gastronok
 14442 | Lair:2   | Reached skill level 15 in Stealth
 14601 | Lair:2   | Killed Gastronok
 14911 | Lair:2   | Identified a scroll of acquirement
 14913 | Lair:2   | Acquired the -2 hat of the Alchemist {rElec rPois rF+ rC+
                  | rN+ Will+ rMut rCorr}
 14913 | Lair:2   | Found the -2 hat of the Alchemist {rElec rPois rF+ rC+ rN+
                  | Will+ rMut rCorr}
 14999 | Lair:2   | Reached XP level 13. HP: 71/71 MP: 24/24
 15964 | Lair:3   | Reached skill level 16 in Stealth
 16015 | Lair:3   | Identified the +2 short sword of World Downfall {freeze,
                  | Dex+2}
 16069 | Lair:3   | Found a staircase to the Swamp.
 16069 | Lair:3   | Noticed an eleionoma
 16075 | Lair:3   | Killed an eleionoma
 16329 | Lair:3   | Found an iron altar of Okawaru.
 16376 | Lair:3   | HP: 3/71 [wolf (9)]
 18099 | Lair:5   | Entered Level 5 of the Lair of Beasts
 18599 | Lair:5   | Reached skill level 17 in Stealth
 18665 | Lair:5   | Reached XP level 14. HP: 76/76 MP: 26/26
 19112 | Lair:5   | Found a staircase to the Slime Pits.
 19132 | Slime:1  | Entered Level 1 of the Pits of Slime
 19142 | Slime:1  | Found a viscous altar of Jiyva.
 19153 | Slime:1  | Became a worshipper of Jiyva Jeohodd the Shapeless
 19207 | Slime:1  | Noticed an acid blob
 19212 | Slime:1  | Noticed an acid blob
 19213 | Slime:1  | Noticed a rockslime
 19344 | Slime:2  | Noticed a quicksilver ooze
 19511 | Slime:4  | Noticed an azure jelly
 19520 | Slime:5  | Entered Level 5 of the Pits of Slime
 19520 | Slime:5  | Noticed a formless jellyfish
 19522 | Slime:5  | Noticed an acid blob
 19524 | Slime:5  | Noticed a formless jellyfish
 19527 | Slime:5  | Noticed an azure jelly
 19538 | Slime:5  | Noticed an acid blob
 19565 | Slime:5  | Noticed an acid blob
 19568 | Slime:5  | Noticed an acid blob
 19568 | Slime:5  | Noticed an acid blob
 19569 | Slime:5  | Found a viscous altar of Jiyva.
 19569 | Slime:5  | Noticed an acid blob
 19569 | Slime:5  | Noticed a quicksilver ooze
 19570 | Slime:5  | Noticed a rockslime
 19578 | Slime:5  | Noticed the Royal Jelly
 19583 | Slime:5  | Noticed an acid blob
 19588 | Slime:5  | Noticed an acid blob
 19609 | Slime:4  | Noticed a rockslime
 20232 | Lair:5   | Identified the orb "Dahal" {mayhem, rElec rC+ Dex+2}
 21182 | Lair:5   | Reached skill level 18 in Stealth
 21544 | Lair:5   | Reached * piety under Jiyva
 22115 | Orc:1    | Entered Level 1 of the Orcish Mines
 22115 | Orc:1    | Found Ynwenaut's Antique Weapon Shop.
 22472 | Orc:2    | Entered Level 2 of the Orcish Mines
 22472 | Orc:2    | Found a staircase to the Elven Halls.
 22555 | Orc:2    | Found a gate leading to a gauntlet.
 22567 | Gauntlet | Entered a Gauntlet
 22567 | Gauntlet | Found a transporter.
 22567 | Gauntlet | Found a transporter.
 22567 | Gauntlet | Reached ** piety under Jiyva
 22572 | Gauntlet | Found a runed translucent door.
 22584 | Gauntlet | Found a transporter.
 22584 | Gauntlet | Found a transporter.
 22586 | Gauntlet | Found a transporter.
 22626 | Gauntlet | Found a transporter.
 22634 | Gauntlet | Found a transporter.
 22634 | Gauntlet | Found a transporter.
 22648 | Gauntlet | Reached skill level 10 in Dodging
 22653 | Gauntlet | Found a transporter.
 22653 | Gauntlet | Noticed a reaper
 22660 | Gauntlet | Found a transporter.
 22660 | Gauntlet | Noticed a quicksilver ooze
 22668 | Gauntlet | Found a transporter.
 22672 | Gauntlet | Found a transporter.
 22685 | Gauntlet | Found the +3 pair of seven-league boots {Rampage+∞}
 22685 | Gauntlet | Found the +8 storm bow {elec, penet}
 22697 | Gauntlet | Reached XP level 15. HP: 81/81 MP: 22/28
 22714 | Gauntlet | Identified the +3 short sword "Zijis" {drain, Will++ Dex+5}
 22715 | Gauntlet | Got the Almanac of Movement
 22995 | Orc:2    | Found an ancient bone altar of Kikubaaqudgha.
 22996 | Orc:2    | Noticed Nergalle
 23008 | Orc:2    | Killed Nergalle
 23104 | Orc:2    | Noticed Erolcha
 23155 | Orc:2    | Killed Erolcha
 23157 | Orc:2    | Paralysed by an orc sorcerer for 5 turns
 23167 | Orc:2    | Paralysed by an orc sorcerer for 3 turns
 23187 | Orc:2    | Found a radiant altar of Vehumet.
 23200 | Orc:2    | Found Myjausk's Antique Weapon Boutique.
 23345 | Orc:2    | Found Hoaxiam's Magic Scroll Shop.
 23354 | Orc:2    | Found Pynwyxid's Book Shop.
 23375 | Orc:2    | Bought a scroll of blinking for 127 gold pieces
 23405 | Orc:2    | Found Maxuika's Magic Scroll Shop.
 23411 | Orc:2    | Bought a scroll of enchant weapon for 97 gold pieces
 23411 | Orc:2    | Bought a scroll of enchant weapon for 97 gold pieces
 23411 | Orc:2    | Bought a scroll of identify for 26 gold pieces
 23411 | Orc:2    | Bought a scroll of identify for 26 gold pieces
 23411 | Orc:2    | Bought a scroll of teleportation for 39 gold pieces
 23411 | Orc:2    | Bought a scroll of immolation for 52 gold pieces
 23512 | Orc:2    | Reached *** piety under Jiyva
 23587 | Orc:2    | Gained mutation: You are partially covered in large bone
                  | plates. (SH +4) [Jiyva's grace]
 23587 | Orc:2    | Gained mutation: You are mostly covered in large bone
                  | plates. (SH +6) [Jiyva's grace]
 23587 | Orc:2    | Gained mutation: You are completely covered in large bone
                  | plates. (SH +8) [Jiyva's grace]
 23587 | Orc:2    | Gained mutation: Your mind is acute. (Int +4, Str/Dex -1)
                  | [Jiyva's grace]
 23615 | Orc:2    | Found a runed translucent door.
 23615 | Orc:2    | Noticed Pooter's ghost (journeyman TrBe)
 23626 | Orc:2    | Killed Pooter's ghost
 23921 | Elf:1    | Entered Level 1 of the Elven Halls
 23947 | Elf:1    | Reached skill level 19 in Stealth
 24038 | Elf:1    | Found Hiewno Wuiha's Antique Armour Shop.
 24077 | Elf:1    | Found a white marble altar of Elyvilon.
 24077 | Elf:1    | Found a glowing golden altar of the Shining One.
 24077 | Elf:1    | Noticed an angel
 24079 | Elf:1    | Found a glowing silver altar of Zin.
 24116 | Elf:1    | Found a crumbling gateway.
 24116 | Elf:1    | Noticed an angel
 24179 | Elf:1    | Reached **** piety under Jiyva
 24607 | Snake:1  | Entered Level 1 of the Snake Pit
 24768 | Snake:1  | Reached skill level 10 in Alchemy
 24831 | Snake:1  | HP: 1/81 [phantasmal warrior (31)]
 24862 | Lair:2   | HP: 4/81 [mana viper[a naga ritualist] (11)]
 25134 | Snake:1  | Reached skill level 10 in Conjurations
 25166 | Snake:1  | Reached skill level 1 in Short Blades
 25469 | Snake:2  | Found Rosk's General Store.
 25472 | Snake:2  | Reached XP level 16. HP: 86/86 MP: 29/29
 25476 | Snake:2  | Found Uvim's Antique Armour Boutique.
 25479 | Snake:2  | Bought a scroll of teleportation for 45 gold pieces
 25479 | Snake:2  | Bought a potion of curing for 45 gold pieces
 25479 | Snake:2  | Bought a potion of enlightenment for 75 gold pieces
 25522 | Snake:2  | Noticed Azrael
 25605 | Snake:2  | Reached ***** piety under Jiyva
 25882 | Snake:2  | Killed Azrael
 25883 | Snake:2  | Reached skill level 10 in Spellcasting
 25905 | Snake:2  | Found Iqacyokh's Jewellery Boutique.
 25909 | Snake:2  | Bought a ring of positive energy for 360 gold pieces
 25909 | Snake:2  | Bought a ring of wizardry for 540 gold pieces
 25920 | Snake:2  | Learned a level 8 spell: Lehudib's Crystal Spear
 25996 | Snake:2  | Reached skill level 15 in Earth Magic
 26349 | Snake:2  | Noticed a nagaraja
 26437 | Snake:2  | Killed a nagaraja
 26646 | Snake:2  | Lost mutation: One of your tentacles bears a nasty spike.
                  | [Jiyva's grace]
 26646 | Snake:2  | Lost mutation: You are completely covered in large bone
                  | plates. (SH +8) [Jiyva's grace]
 26646 | Snake:2  | Lost mutation: Your mind is acute. (Int +4, Str/Dex -1)
                  | [Jiyva's grace]
 26646 | Snake:2  | Gained mutation: You are covered in fur. (AC +1) [Jiyva's
                  | grace]
 26646 | Snake:2  | Gained mutation: You are covered in thick fur. (AC +2)
                  | [Jiyva's grace]
 26646 | Snake:2  | Gained mutation: Your thick and shaggy fur keeps you warm.
                  | (AC +3, rC+) [Jiyva's grace]
 26646 | Snake:2  | Gained mutation: One of your tentacles bears a nasty spike.
                  | [Jiyva's grace]
 26875 | Snake:3  | Found Ithrybb's Assorted Antiques.
 26883 | Snake:3  | Bought a scroll of blinking for 232 gold pieces
 27139 | Snake:3  | Noticed a nagaraja
 27352 | Snake:3  | Reached ****** piety under Jiyva
 27557 | Slime:3  | Noticed an azure jelly
 27564 | Slime:4  | Noticed a rockslime
 27743 | Slime:5  | Identified the +9 arbalest of the Bursting Gods {speed,
                  | Str+4 SInv Stlth+}
 27758 | Slime:5  | Noticed a rockslime
 27763 | Slime:5  | Noticed an acid blob
 27818 | Slime:5  | Identified the +1 falchion of the Slime-mould {elec, rElec
                  | Str+4}
 27823 | Slime:5  | Noticed an azure jelly
 27830 | Slime:5  | Found the +4 consecrated labrys {holy, Valiant ^Fragile Fly
                  | SInv}
 27839 | Slime:5  | Identified the +2 arbalest of Makhleb's Benevolence
                  | {antimagic, ^Contam rC+ Int+6 Dex+3}
 27841 | Slime:5  | Got the Teachings on Cryomancy and Evil Ceremonies
 27842 | Slime:5  | Identified the +4 glaive of Utroumi {pain, Dex+3}
 27845 | Slime:5  | Got the Guidebook on Crystalline Toxicology
 27872 | Slime:5  | Noticed an azure jelly
 27883 | Slime:5  | Noticed an acid blob
 27964 | Slime:5  | Noticed an acid blob
 28051 | Slime:4  | Noticed an acid blob
 28679 | Snake:4  | Entered Level 4 of the Snake Pit
 28809 | Snake:4  | Found Basife Noimm's Weapon Emporium.
 28952 | Snake:4  | Found Xuuffo Urhu's Book Shoppe.
 28954 | Snake:4  | Found Ipnihek's Antique Armour Emporium.
 29076 | Snake:4  | Reached skill level 5 in Short Blades
 29307 | Snake:4  | Noticed a nagaraja
 29331 | Snake:4  | Killed a nagaraja
 29422 | Snake:4  | Noticed a nagaraja
 29555 | Snake:4  | Reached XP level 17. HP: 82/90 MP: 31/31
 29671 | Snake:4  | Noticed a quicksilver dragon
 29675 | Snake:4  | Slimified a quicksilver dragon
 29675 | Snake:4  | a quicksilver dragon changed into an azure jelly
 29683 | Snake:4  | Got a serpentine rune of Zot
 30121 | Slime:5  | Got a slimy rune of Zot
 30276 | Swamp:1  | Entered Level 1 of the Swamp
 30276 | Swamp:1  | Lost mutation: You are mostly covered in large bone plates.
                  | (SH +6) [Jiyva's grace]
 30276 | Swamp:1  | Lost mutation: You possess an exceptional clarity of mind.
                  | [Jiyva's grace]
 30276 | Swamp:1  | Gained mutation: You are partially covered in iridescent
                  | scales. (AC +2) [Jiyva's grace]
 30276 | Swamp:1  | Gained mutation: You are mostly covered in iridescent
                  | scales. (AC +4) [Jiyva's grace]
 30276 | Swamp:1  | Gained mutation: You are completely covered in iridescent
                  | scales. (AC +6) [Jiyva's grace]
 30276 | Swamp:1  | Gained mutation: Your spells are harder to cast, but more
                  | powerful. [Jiyva's grace]
 30453 | Swamp:1  | Noticed Frances
 30663 | Swamp:1  | Killed Frances
 30785 | Swamp:2  | Found a shimmering altar of Xom.
 31779 | Swamp:4  | Entered Level 4 of the Swamp
 31786 | Swamp:4  | Noticed the 27-headed Lernaean hydra
 31880 | Swamp:4  | Constricted to death by a shambling mangrove

Illustrated notes

Levels and vault maps discovered:
D:1:      ncdulo_lavacross, layout_loops_ring,
          shapermc_ecumenical_altar_acropolis, minmay_gold_behind_fungi
D:2:      layout_rooms, minmay_cut_off
D:3:      layout_basic, mainiacjoe_overflow_alcove_4, minmay_tree_intersection
D:4:      layout_basic, grunt_temple_overflow_open, uniq_eustachio
D:5:      layout_basic, mainiacjoe_overflow_brackets,
          mainiacjoe_overflow_concentric_impassable,
          mainiacjoe_overflow_alcove_1, gammafunk_temple_overflow_elements,
          nicolae_shop_self_help
D:6:      layout_rooms, temple_hall, uniq_menkaure, uniq_maggie
D:7:      cheibrodos_barr_body, layout_basic, billiards_dpeg
D:8:      layout_basic, okawaru_trees_1, uniq_jeremiah, uniq_erica
D:9:      layout_roguey, elyvilon_altar_1, serial_ice, serial_ice_b,
          serial_ice_j, serial_ice_o, serial_ice_f, serial_ice_g, serial_ice_c
D:10:     layout_basic, grunt_lair_entry_orc_guard_hut
D:11:     layout_roguey, nicolae_sif_muna_little_library, uniq_lodul
D:12:     layout_irregular_city, orc_0_dummy
Temple:   bh_familiar_temple
Lair:1:   layout_roguey, chequers_serial_rivers_small_3
Lair:2:   layout_gridlike, guppyfry_snake_entry_island, uniq_gastronok
Lair:3:   layout_roguey, alex1729_swamp_entry_worm_eleionoma, basic_altar,
          worms_lemuel, infiniplex_staircase_pool_2
Lair:4:   layout_hall_layers, disabler_island
Lair:5:   evilmike_catoblepas_cave, layout_cave_pods, slime_entry_1,
          lemuel_fruit_tree, grunt_megastairs_5
Swamp:1:  layout_basic_swamp, evilmike_swamp_ruin_rubble_1,
          infiniplex_staircase_pool, uniq_frances
Swamp:2:  layout_basic_swamp, lemuel_altar_in_water
Swamp:3:  layout_basic_swamp, evilmike_swamp_ruin_house_1, swamp_pool_1_2
Swamp:4:  grunt_swamp_rune_castle, layout_basic_swamp
Snake:1:  layout_grid_shapes, nicolae_snake_ghostly_warrior_ritual
Snake:2:  layout_cave_shapes, serial_shops, nicolae_shop_pleasant_corner_grove,
          minmay_shoptagon, uniq_azrael
Snake:3:  layout_chambers, serial_shops, shop
Snake:4:  hellmonk_snake_rune_quicksilver_temple, layout_rooms,
          minmay_shop_star, uniq_louise
Slime:1:  layout_caves, basic_altar
Slime:2:  layout_caves
Slime:3:  layout_caves
Slime:4:  nicolae_slime_pool, layout_caves
Slime:5:  slime_pit_nicolae_trefoil
Orc:1:    layout_caves, serial_shops, shop
Orc:2:    kennysheep_orc_mage_school, layout_caves, gammafunk_ghost_grave,
          gauntlet_entry_generic
Elf:1:    nicolae_elf_arrival_fired_up, layout_gridlike, serial_shops,
          shop_coins, portal_desolation_entry_holy_temple,
          hangedman_elf_disciples

Skill      XL: |  1  2  3  4  5  6  7  8  9 10 11 12 13 14 15 16 17 |
---------------+----------------------------------------------------+-----
Stealth        | 3 4 5 7 8 10 12 13 15 17 18 19 | 19.6
Earth Magic    | 4 5 6 7 9 10 11 12 13 14 15 16 | 16.7
Conjurations   | 2 3 4 5 6 7 8 9 10 11 12 | 12.6
Dodging        | 3 4 5 6 7 8 9 10 11 | 11.2
Spellcasting   | 3 4 5 6 7 8 9 10 11 | 11.2
Alchemy        | 2 3 5 6 7 8 9 10 | 10.2
Short Blades   | 2 5 6 |  6.6

Action                     |  1- 3 |  4- 6 |  7- 9 | 10-12 | 13-15 | 16-18 || total
---------------------------+-------+-------+-------+-------+-------+-------++-------
  Melee: Dagger            |    47 |    42 |    65 |   143 |   250 |   207 ||   754
         Constrict         |    15 |     8 |    16 |    17 |    21 |    14 ||    91
         Unarmed           |     3 |       |       |       |       |       ||     3
         Tentacles         |     9 |     3 |    12 |    36 |    47 |    41 ||   148
         Kick              |       |    11 |    17 |    50 |    67 |    58 ||   203
         Punch             |       |       |       |     2 |     2 |     1 ||     5
   Cast: Sandblast         |    22 |    24 |    56 |    83 |   125 |    15 ||   325
         Stone Arrow       |       |     4 |    24 |   104 |   247 |   176 ||   555
         Petrify           |       |       |     5 |    67 |   173 |   114 ||   359
         Magic Dart        |       |       |       |     2 |       |       ||     2
         Passwall          |       |       |       |     2 |       |       ||     2
         Lehudib's Crystal |       |       |       |       |       |     2 ||     2
 Invoke: Slimify           |       |       |       |       |       |     1 ||     1
         Oozemancy         |       |       |       |       |       |     1 ||     1
  Evoke: Wand              |       |       |       |       |     3 |       ||     3
    Use: Scroll            |       |    11 |     2 |    14 |    24 |    10 ||    61
         Potion            |       |     4 |     1 |    10 |     9 |     4 ||    28
   Stab: Sleeping          |    10 |    11 |    19 |    17 |    37 |    33 ||   127
         Distracted        |       |     2 |       |       |       |       ||     2
         Petrified         |       |       |     5 |    72 |   149 |    69 ||   295
         Invisible         |       |       |       |     1 |       |       ||     1
         Petrifying        |       |       |       |       |       |     6 ||     6
 Armour: Skin              |    35 |    16 |    32 |   117 |   152 |   132 ||   484
  Dodge: Dodged            |    32 |    36 |   107 |   207 |   534 |   337 ||  1253
  Block: Other             |       |       |       |    44 |   186 |   137 ||   367
         Reflection        |       |       |       |     4 |    19 |    24 ||    47
